AoeStats
← xXxDstroyxXx

Glade

510467718Analyzed
1v1 RM · 20h ago on Oct 1, 2026· 42m 51s· 2 players
Game mode
Random Map
Map size
Tiny (2 player)
Population
200
Speed
Normal
Resources
Standard
Victory
Conquest
Starting age
Dark Age
Ending age
Imperial Age
RankedLock teamsTeams togetherTeam positionsShared explorationLock speedFull tech treeHidden civsTurbo modeCheats
Victory
Defeat
🇨🇴 Vietnamese · Colombia
1724
+21
🇦🇷 Gurjaras · Argentina
1841
-21
xXxDstroyxXx
11:29 Feudal Age
12:47 Loom
15:19 Castle Age
13:08 Double-Bit Axe
13:05 Horse Collar
14:11 Gold Mining
16:27 Fletching
17:50 Wheelbarrow
17:36 Bow Saw
19:39 Bodkin Arrow
24:35 Padded Archer Armor
27:57 Leather Archer Armor
31:47 Imperial Age
29:55 Heavy Plow
32:32 Bracer
33:04 Ring Archer Armor
35:48 Ring Archer Armor
35:28 Forging
35:24 Scale Barding Armor
36:26 Chemistry
35:38 Masonry
36:07 Hand Cart
37:10 Light Cavalry
40:27 Ballistics
samm
10:42 Feudal Age
11:18 Feudal Age
12:17 Double-Bit Axe
14:59 Castle Age
13:01 Horse Collar
16:40 Bow Saw
30:06 Imperial Age
30:54 Imperial Age
29:00 Fletching
29:35 Ballistics
29:07 Elite Skirmisher
30:05 Bodkin Arrow
30:11 Padded Archer Armor
30:11 Elite Skirmisher
31:48 Leather Archer Armor
31:44 Bracer
33:44 Chemistry
33:02 Leather Archer Armor
Connection lost

Rejoining the realm…

Still unreachable

The connection could not be restored.

Session expired

The server has moved on; the page needs a fresh start.